 Dungeon Crawl Stone Soup version 0.31-a0-1321-g5021b54cb2 (webtiles) character file.

Game seed: 656237040643708065

150 bmb222 the Trooper (level 5, -7/42 HPs)
             Began as a Formicid Monk on Dec 20, 2023.
             Mangled by an iguana (12 damage)
             ... on level 3 of the Dungeon.
             The game lasted 00:01:41 (2521 turns).

bmb222 the Trooper (Formicid Monk)                  Turns: 2521, Time: 00:01:41

Health: -7/42      AC:  6    Str: 17    XL:     5   Next: 58%
Magic:  5/5        EV: 12    Int: 10    God:
Gold:   153        SH:  0    Dex: 16    Spells: 4/4 levels left

rFire   . . .        a - +0 hand axe
rCold   . . .        d - orb {light}
rNeg    . . .        h - +0 ring mail
rPois   .            (helmet unavailable)
rElec   .            (no cloak)
rCorr   .            j - +0 pair of gloves
SInv    +            (no boots)
Will    .....        (no amulet)
Stlth   +            f - ring of flight
HPRegen 0.27/turn    (no ring)
MPRegen 0.09/turn

%: no passive effects
@: flying, glowing
A: permanent stasis, dig shafts and tunnels, antennae 3, four strong arms
a: Dig, Shaft Self


You were on level 3 of the Dungeon.
You visited 1 branch of the dungeon, and saw 3 of its levels.

You collected 153 gold pieces.

Inventory:

Hand Weapons
 a - a +0 hand axe (weapon)
Armour
 b - a +0 robe
 d - an orb of light (worn)
 h - a +0 ring mail (worn)
 j - a +0 pair of gloves (worn)
Jewellery
 f - a ring of flight (left hand)
Scrolls
 g - 3 scrolls of identify {unknown}
 k - a scroll of summoning {unknown}
 n - 3 scrolls of teleportation {unknown}
 o - a scroll of vulnerability {unknown}
 p - a scroll of fear {unknown}
 q - a scroll of brand weapon {unknown}
Potions
 c - a potion of ambrosia
 e - 3 potions of lignification {unknown}
 i - a potion of enlightenment {unknown}
 l - a potion of haste {unknown}
 m - a potion of heal wounds {unknown}


   Skills:
 + Level 4.3 Fighting
 + Level 3.9 Axes
 * Level 3.3 Armour
 - Level 2.8 Dodging


You had 4 spell levels left.
You didn't know any spells.
Your spell library contained the following spells:

 Spells                   Type           Power      Damage    Failure   Level
 Summon Forest            Summ/Tloc      0%         N/A       100%        5
 Summon Mana Viper        Hex/Summ       0%         N/A       100%        5
 Summon Cactus Giant      Summ           0%         N/A       100%        6


Dungeon Overview and Level Annotations

Branches:
Dungeon (3/15)

Altars:

Annotations:
D:1 1 transporter


Innate Abilities, Weirdness & Mutations

You cannot be hasted, slowed, berserked, paralysed or teleported.
You can dig through walls and to a lower floor.
You have a pair of large antennae on your head. (SInv)
Your four strong arms can wield two-handed weapons with a shield.


Message History

There are monsters nearby!
You barely miss the orc.
The orc is lightly wounded.
The endoplasm quivers.
You hit the iguana but do no damage. The orc closely misses you.
The iguana bites you.
You hit the orc.
The orc is severely wounded.
You hit the iguana but do no damage. The orc hits you but does no damage.
The iguana bites you.
You hit the orc.
You kill the orc!
You hit the iguana but do no damage. The iguana barely misses you.
You hit the iguana.
The iguana is moderately wounded.
The iguana bites you but does no damage.
You hit the iguana but do no damage.
The iguana is moderately wounded.
The iguana bites you but does no damage.
You hit the iguana.
The iguana is moderately wounded.
The iguana bites you!
* * * LOW HITPOINT WARNING * * *
You hit the iguana.
The iguana is heavily wounded.
The iguana barely misses you.
You hit the iguana but do no damage.
The iguana is heavily wounded.
The iguana bites you!
* * * LOW HITPOINT WARNING * * *
You hit the iguana.
The iguana is severely wounded.
The iguana closely misses you.
You hit the iguana but do no damage.
The iguana is severely wounded.
The iguana bites you!
* * * LOW HITPOINT WARNING * * *
The iguana hisses menacingly.
The iguana bites you!
You die...

####### #.....# ,# #.....#
######.# #.....# #......##
#### #.....# #.#......
...######.....####......##
.#..............@lJ)......
.####.######.#.#######..##
.#.......# #.#.....#
.#.###.^.# #.#####.#
.#'###...# #..####[###
.........# #.........#
.........# #.†##.....#
.........# #..##.....#
.........###..##.....#


You could see an iguana and an endoplasm.

Vanquished Creatures
  An orc priest (D:3)
  6 adders
  3 dart slugs
  4 orcs (D:3)
  9 ball pythons
  3 endoplasms
  4 goblins
  2 hobgoblins
  2 kobolds
  3 quokkas
  9 bats
  3 frilled lizards
  12 rats
61 creatures vanquished.

Notes
Turn   | Place    | Note
-------+----------+-------------------------------------------
     0 | D:1      | bmb222 the Formicid Monk began the quest for the Orb.
     0 | D:1      | Reached XP level 1. HP: 18/18 MP: 1/1
   111 | D:1      | Reached XP level 2. HP: 24/24 MP: 2/2
   459 | D:1      | Reached skill level 1 in Armour
   498 | D:1      | Reached XP level 3. HP: 27/29 MP: 3/3
  1265 | D:2      | Reached XP level 4. HP: 35/37 MP: 4/4
  1628 | D:2      | Reached skill level 4 in Fighting
  2207 | D:3      | Reached XP level 5. HP: 41/42 MP: 5/5
  2270 | D:3      | Found a faded altar of an unknown god.
  2521 | D:3      | Mangled by an iguana

Illustrated notes

Levels and vault maps discovered:
D:1:      spicycebolla_arrival_risky_transporter, layout_basic, serial_curves,
          eino_curves_03, eino_curves_01
D:2:      layout_loops_corners, kennysheep_generic_room_12,
          uniq_crazy_yiuf_cottage
D:3:      layout_basic, mainiacjoe_overflow_tiny_flanked,
          hellmonk_ecumenical_altar_run_dry, amcnicky_mini_pool_small

Skill      XL: |  1  2  3  4  5 |
---------------+----------------+-----
Armour         | 1 2 3 |  3.3
Fighting       | 4 |  4.3
Axes           | |  3.9
Dodging        | |  2.8

Action                     |  1- 3 |  4- 6 || total
---------------------------+-------+-------++-------
  Melee: Hand axe          |    72 |   111 ||   183
 Armour: Robe              |    22 |       ||    22
         Ring mail         |    19 |    72 ||    91
  Dodge: Dodged            |    67 |    70 ||   137

Table legend: (Time is in decaauts)
 A = Elapsed time spent in this place.
 B = Non-inter-level travel time spent in this place.
 C = Inter-level travel time spent in this place.
 D = Time resting spent in this place.
 E = Time spent auto-exploring this place.
 F = Levels seen in this place.
 G = Mean time per level.
                   A        B        C        D        E       F      G
               +--------+--------+--------+--------+--------+-----+--------+
         Total |   2542 |   2441 |    101 |    168 |   1826 |   3 |  847.3 |
       Dungeon |   2542 |   2441 |    101 |    168 |   1826 |   3 |  847.3 |
               +--------+--------+--------+--------+--------+-----+--------+

Top non-repeatable levels by time:
     D:2: 1387 daAuts
     D:1: 745 daAuts
     D:3: 409 daAuts
